[Event "Early-Titled-Tuesday-Blitz-January-23-2024"]
[Site "Chess.com"]
[Date "2024.01.23"]
[Round "6"]
[White "NitaLucian"]
[Black "FMCarmona"]
[Result "0-1"]
[WhiteElo "2374"]
[BlackElo "2157"]
[TimeControl "180+1"]
[EndTime "9:03:36 PST"]
[Termination "FMCarmona won by resignation"]

1. e4 e5 2. d3 Nc6 3. Nd2 Bc5 4.
Be2 Nf6 5. Ngf3 d6 6. O-O h6 7. c3 a6 8. b4 Ba7 9. a3 O-O 10. Bb2 Ne7 11. d4 Ng6 12. g3 Re8 13. d5 c6 14. c4 cxd5 15. cxd5 Bh3 16. Re1 Bxf2+ 17. Kxf2 Qb6+ 18. Nd4 exd4 19. Bd3 Ng4+ 20. Kg1 Ne3 21. Qb3 Ne5 22. Kh1 Rac8 23. Rac1 N5g4 24. Nc4 Nxc4 25. Rxc4 Nf2+ 26. Kg1 Rxc4 27. Qxc4 Rc8 28.
Qxd4 Qxd4 29. Bxd4 Nxd3 30. Rd1 Ne5 31. Rd2 Nf3+ 0-1

[Event "Early-Titled-Tuesday-Blitz-January-23-2024"]
[Site "Chess.com"]
[Date "2024.01.23"]
[Round "6"]
[White "Alen_Yeremyann"]
[Black "carloseduar100"]
[Result "1-0"]
[WhiteElo "2756"]
[BlackElo "2287"]
[TimeControl "180+1"]
[EndTime "9:03:37 PST"]
[Termination "Alen_Yeremyann won by resignation"]

1. g3 d5 2. Bg2 c6 3. c4 Nf6 4. Nf3 e6 5. O-O dxc4 6. Qc2 b5 7. a4 Bb7 8. Ne5 Qb6 9. d3 cxd3 10. Nxd3 Be7 11.
Be3 c5 12. Bxb7 Qxb7 13. Nxc5 Qc6 14. axb5 Qxb5 15. Nc3 Qc6 16. b4 O-O 17. b5 Qc7 18. b6 Qc6 19. b7 Nbd7 20. bxa8=Q Rxa8 21. Nxd7 Qxd7 22. Rfd1 Qc6 23. Rac1 Rc8 24. Qa4 Qb7 25. Qb5 Qa8 26. Na4 h6 27. Rxc8+ Qxc8 28. Ra1 Qc2 29. Rb1 Nd5 30. Qe8+ Kh7 31. Rf1 Bf6 32. Qb5 h5 33.
Qd3+ Qxd3 34. exd3 Nb4 35. Bxa7 Nxd3 36. Be3 g5 37. Nc5 Nb2 38. Ne4 1-0

[Event "Early-Titled-Tuesday-Blitz-January-23-2024"]
[Site "Chess.com"]
[Date "2024.01.23"]
[Round "6"]
[White "Jenia84"]
[Black "DDTerziev04"]
[Result "0-1"]
[WhiteElo "2315"]
[BlackElo "2206"]
[TimeControl "180+1"]
[EndTime "9:03:37 PST"]
[Termination "DDTerziev04 won by resignation"]

1. Nf3 Nf6 2. d4 d5 3. c4 dxc4 4. Qa4+ c6 5. Qxc4 Bf5 6. Bg5 Nbd7 7. Nbd2 g6 8. Ne5 Be6 9. Qc2 Bg7 10. Nxd7 Qxd7 11.
e3 O-O 12. Bc4 Bxc4 13. Nxc4 Rac8 14. O-O c5 15. Rad1 cxd4 16. Rxd4 Qb5 17. Bxf6 Bxf6 18.
Re4 Rfd8 19. h3 Qd5 0-1

[Event "Early-Titled-Tuesday-Blitz-January-23-2024"]
[Site "Chess.com"]
[Date "2024.01.23"]
[Round "6"]
[White "TheoSlade"]
[Black "ozates"]
[Result "1-0"]
[WhiteElo "2468"]
[BlackElo "2591"]
[TimeControl "180+1"]
[EndTime "9:03:43 PST"]
[Termination "TheoSlade won by resignation"]

1. d4 Nf6 2. c4 e6 3. g3 d5 4. Bg2 dxc4 5. Nf3 Bd7 6. Ne5 Bc6 7. Nxc6 Nxc6 8. O-O Qd7 9. e3 h5 10. Nd2 h4 11.
Nxc4 O-O-O 12. Qa4 Nd5 13. e4 Nf6 14. Be3 Kb8 15.
d5 exd5 16. Ne5 Qe8 17. Nxc6+ Qxc6 18. Qxa7+ Kc8 19. Bh3+ Qe6 20. Bxe6+ fxe6 21. Qa8+ Kd7 22. Qxb7 Bd6 23. exd5 Nxd5 24. Rad1 Rb8 25. Qa6 hxg3 26. hxg3 Rxb2 27. Qa4+ Ke7 28. Qd4 Nxe3 29. Qxg7+ 1-0

[Event "Early-Titled-Tuesday-Blitz-January-23-2024"]
[Site "Chess.com"]
[Date "2024.01.23"]
[Round "6"]
[White "GatoRojo150"]
[Black "toninhojit"]
[Result "1-0"]
[WhiteElo "2597"]
[BlackElo "2437"]
[TimeControl "180+1"]
[EndTime "9:03:48 PST"]
[Termination "GatoRojo150 won by resignation"]

1. e4 e5 2. Nf3 Nc6 3. Nc3 Nf6 4. Bb5 Bb4 5. O-O O-O 6. d4 exd4 7. Nd5 Be7 8. Re1 d6 9. Nxe7+ Qxe7 10. Nxd4 Bd7 11.
Bf1 h6 12. c4 Rfe8 13. f3 Nxd4 14. Qxd4 Qe5 15. Qf2 Be6 16. Be3 a6 17. Bd4 Qg5 18. b3 Qg6 19. Kh1 Rf8 20. Rad1 Nh5 21. g4 Nf6 22.
Bd3 Qg5 23. Qg3 c5 24. Be3 Qg6 25. e5 1-0

[Event "Early-Titled-Tuesday-Blitz-January-23-2024"]
[Site "Chess.com"]
[Date "2024.01.23"]
[Round "6"]
[White "UnTucopalaTimba"]
[Black "WiktoriaPOL"]
[Result "0-1"]
[WhiteElo "1959"]
[BlackElo "2241"]
[TimeControl "180+1"]
[EndTime "9:03:52 PST"]
[Termination "WiktoriaPOL won by resignation"]

1. e4 c5 2. Nf3 d6 3. Bb5+ Nd7 4. d4 cxd4 5. Qxd4 a6 6. Bxd7+ Bxd7 7. Bg5 h6 8. Bh4 Qa5+ 9. Nbd2 e5 10. Qd3 g5 11.
Bg3 Be7 12. O-O-O Qxa2 13. Nb3 Nf6 14. h4 g4 15. Nfd2 Bb5 16. Nc4 O-O 17. Rhe1 Rac8 18.
Qe3 Rxc4 19. Qxh6 Qxb3 20. Qg5+ Kh8 21. Qh6+ Nh7 22. Rd2 Rfc8 23. c3 Rxc3+ 24. bxc3 Rxc3+ 0-1

[Event "Early-Titled-Tuesday-Blitz-January-23-2024"]
[Site "Chess.com"]
[Date "2024.01.23"]
[Round "6"]
[White "Iskusnyh"]
[Black "platy3"]
[Result "0-1"]
[WhiteElo "2654"]
[BlackElo "2867"]
[TimeControl "180+1"]
[EndTime "9:03:59 PST"]
[Termination "platy3 won by resignation"]

1. d4 Nf6 2. c4 e6 3. g3 d5 4. Bg2 dxc4 5. Nf3 a6 6. O-O Nc6 7. Bg5 Be7 8. e3 e5 9. Nbd2 exd4 10. Nxc4 h6 11. Bxf6 Bxf6 12. exd4 O-O 13. d5 Ne7 14. d6 Nc6 15. dxc7 Qxc7 16. Rc1 Rd8 17. Qc2 Be6 18. Rfe1 Nb4 19. Qb1 Nd3 20. Red1 Nxc1 21. Rxc1 Bxc4 22. b3 Bd3 0-1

[Event "Early-Titled-Tuesday-Blitz-January-23-2024"]
[Site "Chess.com"]
[Date "2024.01.23"]
[Round "6"]
[White "hurricane7791"]
[Black "ProChessWICTH"]
[Result "1-0"]
[WhiteElo "2700"]
[BlackElo "2526"]
[TimeControl "180+1"]
[EndTime "9:04:00 PST"]
[Termination "hurricane7791 won by resignation"]

1. d4 Nf6 2. c4 g6 3. Nc3 d5 4. h4 Bg7 5. cxd5 Nxd5 6. h5 c5 7. Nf3 Nc6 8. e3 Bg4 9. Bc4 Nxc3 10. bxc3 Qd7 11. hxg6 hxg6 12. Rxh8+ Bxh8 13. Ba3 cxd4 14. cxd4 Rc8 15. Rc1 Na5 16. Be2 Bf6 17. Rxc8+ Qxc8 18. Qa4+ Nc6 19. d5 Bc3+ 20. Kf1 Qf5 21. dxc6 b5 22. Qxb5 1-0

[Event "Early-Titled-Tuesday-Blitz-January-23-2024"]
[Site "Chess.com"]
[Date "2024.01.23"]
[Round "6"]
[White "wanyaland"]
[Black "Chessdude1987"]
[Result "1-0"]
[WhiteElo "2462"]
[BlackElo "2273"]
[TimeControl "180+1"]
[EndTime "9:04:02 PST"]
[Termination "wanyaland won by resignation"]

1. d4 e6 2. c4 f5 3. g3 Nf6 4.
Bg2 Be7 5. Nh3 O-O 6. Nc3 d6 7. Nf4 c6 8. O-O Qe8 9. Rb1 e5 10. dxe5 dxe5 11. Nd3 e4 12. Ne1 Be6 13. b3 Na6 14. Nc2 Rd8 15. Qe1 Ng4 16. h3 Ne5 17.
Be3 b6 18. Nd4 Bc8 19. Qc1 h6 20. Rd1 Bf6 21. b4 Nxc4 22. b5 Nxe3 23. fxe3 cxb5 24.
Ncxb5 Rf7 25. Qa3 Rfd7 26. Rdc1 Nc5 27. Nxa7 Ba6 28. Nac6 Ra8 29. Rxb6 Bxe2 30. Qxc5 Kh8 31. Nxe2 Rd2 32. Nf4 g5 33. Qxf5 gxf4 34. Qxf6+ Kg8 35.
Ne7+ 1-0

[Event "Early-Titled-Tuesday-Blitz-January-23-2024"]
[Site "Chess.com"]
[Date "2024.01.23"]
[Round "6"]
[White "Nemegejas"]
[Black "Grossboss19"]
[Result "1-0"]
[WhiteElo "2885"]
[BlackElo "2568"]
[TimeControl "180+1"]
[EndTime "9:04:08 PST"]
[Termination "Nemegejas won by resignation"]

1. Nf3 d5 2. g3 Nc6 3. d4 Nf6 4.
c4 e6 5. Bg2 Bb4+ 6. Bd2 Bxd2+ 7. Nbxd2 Ne7 8. O-O O-O 9. Qc2 Bd7 10. Ne5 Rc8 11.
c5 Be8 12. Rad1 Nd7 13. Nd3 c6 14. b4 a6 15. a4 f6 16. e4 Ng6 17. h3 Bf7 18. f4 Ne7 19. Rfe1 Kh8 20. Kh2 Re8 21. Qb2 Qc7 22. Re3 e5 23. fxe5 fxe5 24. dxe5 dxe4 25. Nxe4 Nd5 26. Ree1 Nxe5 27. Nxe5 Rxe5 28. Nd6 Rxe1 29. Rxe1 Rf8 30. b5 axb5 31. axb5 b6 32. bxc6 Qxc6 33. Nxf7+ Rxf7 34. Bxd5 Qxc5 35. Bxf7 1-0

[Event "Early-Titled-Tuesday-Blitz-January-23-2024"]
[Site "Chess.com"]
[Date "2024.01.23"]
[Round "6"]
[White "otrov-11"]
[Black "Martial2008"]
[Result "1-0"]
[WhiteElo "2518"]
[BlackElo "2653"]
[TimeControl "180+1"]
[EndTime "9:04:08 PST"]
[Termination "otrov-11 won by resignation"]

1. d4 e5 2. dxe5 Nc6 3. Nf3 Qe7 4. Bf4 Qb4+ 5. Bd2 Qxb2 6. Nc3 Bb4 7. Rb1 Qxc3 8. Bxc3 Bxc3+ 9. Nd2 Nxe5 10. e3 Nf6 11.
Bd3 O-O 12. O-O d6 13. Nf3 Bg4 14. Be2 Be6 15. Rxb7 Ba5 16. Nxe5 dxe5 17. Qb1 Bb6 18. Qb2 Nd7 19. Bf3 f6 20. Rxb6 axb6 21. Bxa8 Rxa8 22. Rd1 Nc5 23. Qb5 Kf7 24. Qc6 Rc8 25. f4 e4 26. h3 Ke7 27. a3 Bd7 28. Qd5 Be6 29.
Qh5 h6 30. Qg6 Kf8 31. g4 Ra8 32. g5 hxg5 33. fxg5 f5 34. h4 Re8 35. h5 Re7 36.
Rd8+ 1-0

[Event "Early-Titled-Tuesday-Blitz-January-23-2024"]
[Site "Chess.com"]
[Date "2024.01.23"]
[Round "6"]
[White "Ati1517"]
[Black "NtcPou"]
[Result "1-0"]
[WhiteElo "2219"]
[BlackElo "1998"]
[TimeControl "180+1"]
[EndTime "9:04:08 PST"]
[Termination "Ati1517 won by checkmate"]

1. e4 c6 2. d4 d5 3. Nc3 dxe4 4.
Nxe4 Bf5 5. Ng3 Bg6 6. f4 e6 7. Nf3 Nd7 8. c3 Bd6 9. Ne5 Bxe5 10. fxe5 Ne7 11. Bd3 c5 12. O-O cxd4 13. cxd4 Qb6 14. Bxg6 hxg6 15. Kh1 O-O-O 16. Bg5 Rde8 17. Ne4 Nf5 18. g4 Nxd4 19. Nd6+ Kb8 20. Nxe8 Rxe8 21. Rc1 Ka8 22. Be3 Rh8 23. Qxd4 Qb5 24. Qxa7# 1-0

[Event "Early-Titled-Tuesday-Blitz-January-23-2024"]
[Site "Chess.com"]
[Date "2024.01.23"]
[Round "6"]
[White "ViratKohl_i"]
[Black "KetiTsatsalashvili"]
[Result "1-0"]
[WhiteElo "2607"]
[BlackElo "2424"]
[TimeControl "180+1"]
[EndTime "9:04:25 PST"]
[Termination "ViratKohl_i won by checkmate"]

1. e4 c5 2. Nf3 d6 3. d4 cxd4 4.
Nxd4 Nf6 5. Nc3 Nc6 6. Bg5 e6 7. Bb5 Bd7 8. Qd3 a6 9. Bxc6 bxc6 10. O-O-O e5 11. Nf5 Bxf5 12. exf5 Qb6 13. Bxf6 gxf6 14.
Ne4 Rb8 15. b3 d5 16. Nxf6+ Ke7 17. Ng4 f6 18. Qe2 Qc7 19. Kb1 h5 20. Ne3 Kf7 21. f4 exf4 22. Nxd5 cxd5 23. Qe6+ Kg7 24. Rxd5 Rb7 25. Rhd1 Kh6 26. Qxf6+ Kh7 27. Qg6# 1-0

[Event "Early-Titled-Tuesday-Blitz-January-23-2024"]
[Site "Chess.com"]
[Date "2024.01.23"]
[Round "6"]
[White "BogdanDeac"]
[Black "vladislavkovalev"]
[Result "1/2-1/2"]
[WhiteElo "3073"]
[BlackElo "2859"]
[TimeControl "180+1"]
[EndTime "9:04:26 PST"]
[Termination "Game drawn by agreement"]

1. d4 Nf6 2. c4 e6 3. Nc3 Bb4 4. Qc2 O-O 5. e4 d5 6. e5 Ne4 7. Bd3 c5 8. Nf3 cxd4 9. Nxd4 Nd7 10. Bf4 Qh4 11. g3 Qh5 12. O-O g5 13. cxd5 Nxc3 14.
dxe6 gxf4 15. exd7 Bxd7 16. bxc3 fxg3 17. hxg3 Rac8 18. Bf5 Bxc3 19. Bxd7 Bxa1 20. Bxc8 Bxd4 21. Bxb7 Qxe5 22. Kg2 Rb8 23. Rb1 Kg7 24. Bf3 Rxb1 25.
Qxb1 Qc5 26. Qe1 Qc3 27. Qe2 Qb2 28. Qxb2 Bxb2 29. Be2 h6 30. Bd3 a5 31. f4 Ba3 32.
Bc2 Bb4 33. g4 f6 34. Kf3 Bd2 35. Ke4 Bc1 36. Kf5 Bd2 1/2-1/2

[Event "Early-Titled-Tuesday-Blitz-January-23-2024"]
[Site "Chess.com"]
[Date "2024.01.23"]
[Round "6"]
[White "Slovineanu"]
[Black "xakevicius91"]
[Result "1-0"]
[WhiteElo "2423"]
[BlackElo "2557"]
[TimeControl "180+1"]
[EndTime "9:04:27 PST"]
[Termination "Slovineanu won by resignation"]

1. d4 Nf6 2. Nf3 g6 3. Nbd2 d5 4. e3 Bg7 5. b4 O-O 6. c4 c6 7. Be2 Bf5 8. O-O Ne4 9. Qb3 Nxd2 10. Bxd2 e6 11. a4 Nd7 12. b5 Re8 13. Bb4 c5 14. dxc5 Bxa1 15. Rxa1 Rc8 16. cxd5 Nxc5 17. Qa3 Qxd5 18.
Rd1 Nd3 19. Bxd3 Red8 20. Be2 Qe4 21. Rxd8+ Rxd8 22. h3 Qb1+ 23. Kh2 h6 24. Qc3 Re8 25. Qd4 e5 26. Nxe5 Qa2 27. Bc4 Qxf2 28. Bxf7+ 1-0

[Event "Early-Titled-Tuesday-Blitz-January-23-2024"]
[Site "Chess.com"]
[Date "2024.01.23"]
[Round "6"]
[White "Quattroporte300"]
[Black "SnekkerAndersen"]
[Result "1-0"]
[WhiteElo "2450"]
[BlackElo "2619"]
[TimeControl "180+1"]
[EndTime "9:04:28 PST"]
[Termination "Quattroporte300 won by resignation"]

1. e4 e6 2. d4 d5 3. e5 c5 4. c3 Nc6 5. Nf3 Bd7 6. Be2 f6 7. O-O fxe5 8. Nxe5 Nxe5 9. dxe5 Qc7 10. f4 O-O-O 11.
Be3 Nh6 12. Nd2 Nf5 13. Bf2 g5 14. fxg5 Qxe5 15. Nf3 Qc7 16. Bd3 Rg8 17. Bxf5 exf5 18. Qxd5 Be7 19. Rae1 Rg7 20. Bg3 f4 21. Bf2 Kb8 22.
Qe5 Qxe5 23. Rxe5 Bc6 24. Bxc5 Bxc5+ 25. Rxc5 Re8 26. Re1 Rxe1+ 27. Nxe1 Rd7 28. Nf3 Bxf3 29. gxf3 Rd1+ 30. Kg2 Rd2+ 31. Kh3 Rxb2 32. Rf5 Rxa2 33. Rxf4 a5 34. Rh4 a4 35. Rxh7 a3 36. g6 Ra1 37.
g7 Rg1 38. Rh8+ Ka7 39. g8=Q Rxg8 40. Rxg8 1-0

[Event "Early-Titled-Tuesday-Blitz-January-23-2024"]
[Site "Chess.com"]
[Date "2024.01.23"]
[Round "6"]
[White "DenLaz"]
[Black "eljanov"]
[Result "1/2-1/2"]
[WhiteElo "3089"]
[BlackElo "2882"]
[TimeControl "180+1"]
[EndTime "9:04:33 PST"]
[Termination "Game drawn by agreement"]

1. d4 d5 2. c4 e6 3. Nf3 Nf6 4. g3 Be7 5. Bg2 O-O 6. O-O dxc4 7. Qc2 a6 8. a4 Bd7 9. Qxc4 Bc6 10. Bg5 Nbd7 11.
Rd1 h6 12. Bxf6 Nxf6 13. Nbd2 a5 14. Qd3 Bxf3 15. Bxf3 c6 16. Nc4 g6 17. h4 h5 18. Kg2 Kg7 19. Rac1 Nd5 20. Qb3 Qc7 21. e4 Nb4 22. d5 exd5 23. exd5 cxd5 24. Bxd5 Rad8 25. Bf3 Rxd1 26. Rxd1 b6 27. Qe3 Bc5 28. Qc3+ Kg8 29. Ne5 Rd8 30. Rxd8+ Qxd8 31. Nc6 Nxc6 32.
Bxc6 Qd4 33. Qxd4 Bxd4 34. b3 Bc5 1/2-1/2

[Event "Early-Titled-Tuesday-Blitz-January-23-2024"]
[Site "Chess.com"]
[Date "2024.01.23"]
[Round "6"]
[White "Jojo_898"]
[Black "stollenmonster"]
[Result "0-1"]
[WhiteElo "2450"]
[BlackElo "2894"]
[TimeControl "180+1"]
[EndTime "9:04:36 PST"]
[Termination "stollenmonster won by resignation"]

1. e4 c5 2. Nf3 Nf6 3. d3 Nc6 4. g3 g6 5. Bg2 Bg7 6. O-O O-O 7. Bg5 d5 8. exd5 Nxd5 9. c3 h6 10. Bd2 e5 11. Na3 Bf5 12. Ne1 Qd7 13. Nc4 Nb6 14. Be3 Qe7 15. Qe2 Rfd8 16. Rd1 Rd7 17. Nd2 Qf8 18.
Ne4 c4 19. dxc4 Rxd1 20. Qxd1 Nxc4 21. Qb3 Nxe3 22. fxe3 Qe7 23. Nd3 Rd8 24. Ndc5 b6 25.
Na6 Na5 26. Qb4 Qxb4 27. Nxb4 Nc4 28. Nc6 Rd7 29. Kf2 Nxb2 30. Rb1 Nc4 31. Ke2 Nd6 32.
Nxd6 Bxb1 33. Nb5 Bxa2 0-1

[Event "Early-Titled-Tuesday-Blitz-January-23-2024"]
[Site "Chess.com"]
[Date "2024.01.23"]
[Round "6"]
[White "yobdc"]
[Black "Ginger_GM"]
[Result "0-1"]
[WhiteElo "2523"]
[BlackElo "2686"]
[TimeControl "180+1"]
[EndTime "9:04:37 PST"]
[Termination "Ginger_GM won by resignation"]

1. Nf3 f5 2. d3 Nc6 3. e4 e5 4. Nc3 Nf6 5. d4 fxe4 6. Nxe5 d6 7. Nxc6 bxc6 8. Be2 d5 9. f3 Bd6 10. fxe4 Nxe4 11. Nxe4 dxe4 12. Be3 O-O 13. g3 Rb8 14. Bc4+ Kh8 15. Qe2 Rxb2 16. Bb3 Bb4+ 17. Kd1 Bc3 18. Rc1 Rf3 19. Rf1 Rxe3 20. Qxe3 Bg4+ 0-1

[Event "Early-Titled-Tuesday-Blitz-January-23-2024"]
[Site "Chess.com"]
[Date "2024.01.23"]
[Round "6"]
[White "jk13"]
[Black "LastHeroJr"]
[Result "0-1"]
[WhiteElo "2625"]
[BlackElo "2466"]
[TimeControl "180+1"]
[EndTime "9:04:37 PST"]
[Termination "LastHeroJr won on time"]

1. e4 c6 2. Nf3 d6 3. Nc3 d5 4. d4 dxe4 5. Nxe4 Nf6 6. Nxf6+ exf6 7. Bd3 Bd6 8. O-O O-O 9. h3 Nd7 10. c4 Re8 11. b3 Nf8 12. Qc2 b6 13. Bd2 Bb7 14.
Rae1 g6 15. Bc3 Qd7 16. Qb2 f5 17. Bb1 Rxe1 18. Rxe1 Re8 19. Rd1 Ne6 20. d5 cxd5 21. cxd5 Nf4 22. Bh8 Bf8 23. Be5 Nxd5 24. b4 Qa4 25.
Rd4 Rxe5 26. Nxe5 Bg7 27. Rd2 Qe8 28. Re2 Nf4 29. Re3 Nxg2 30. Re2 Nf4 31. Re3 Nxh3+ 32. Rxh3 Bxe5 33. Re3 Qc6 0-1

[Event "Early-Titled-Tuesday-Blitz-January-23-2024"]
[Site "Chess.com"]
[Date "2024.01.23"]
[Round "6"]
[White "Eloist"]
[Black "the_blue_pill"]
[Result "1-0"]
[WhiteElo "2422"]
[BlackElo "2256"]
[TimeControl "180+1"]
[EndTime "9:04:39 PST"]
[Termination "Eloist won by resignation"]

1. e4 c5 2. Nf3 d6 3. Bb5+ Nd7 4. O-O a6 5. Bd3 Ngf6 6. Re1 g6 7. a4 Bg7 8. c3 O-O 9. Bf1 Qc7 10. d4 b6 11. c4 cxd4 12. Nxd4 Bb7 13. Nc3 Nc5 14.
Nd5 Nxd5 15. exd5 Bxd4 16. Qxd4 Nb3 17. Qc3 Nxa1 18. Bh6 f6 19. Rxa1 b5 20. Re1 bxc4 21.
Bxc4 Rfc8 22. b3 Kh8 23. Qe3 Re8 24. Qe6 Rg8 25. Qf7 Rae8 26. Bg7+ Rxg7 27. Qxe8+ Rg8 28. Qxe7 Qxe7 29. Rxe7 Rb8 30. a5 Bc8 31. Re8+ Kg7 32. Bxa6 Rxb3 33. Rxc8 1-0

[Event "Early-Titled-Tuesday-Blitz-January-23-2024"]
[Site "Chess.com"]
[Date "2024.01.23"]
[Round "6"]
[White "pospisku"]
[Black "PattyCastillo"]
[Result "1-0"]
[WhiteElo "2315"]
[BlackElo "1959"]
[TimeControl "180+1"]
[EndTime "9:04:41 PST"]
[Termination "pospisku won by resignation"]

1. d4 d5 2. c4 c6 3. Nc3 Nf6 4. Nf3 e6 5. e3 Nbd7 6. Qc2 Bd6 7. b3 O-O 8. Be2 Re8 9. O-O e5 10. dxe5 Nxe5 11. cxd5 Nxd5 12. Nxd5 cxd5 13. Rd1 Be6 14. Bb2 Nxf3+ 15. Bxf3 Qh4 16. g3 Qg5 17. h4 Qe7 18. Bxd5 Bxd5 19. Rxd5 Bxg3 20. fxg3 Qxe3+ 21. Qf2 Qe4 22. Rg5 g6 23. Rf1 Qe3 24. Qxe3 Rxe3 25. Rd5 Rxg3+ 26. Kh2 Rg4 27. Bf6 Re8 28. Rfd1 h5 29.
Rd8 Re4 30. Rxe8+ Rxe8 31. Rd7 Kh7 32. Rxf7+ 1-0

[Event "Early-Titled-Tuesday-Blitz-January-23-2024"]
[Site "Chess.com"]
[Date "2024.01.23"]
[Round "6"]
[White "vugarrasulov"]
[Black "Hamisandwich"]
[Result "1-0"]
[WhiteElo "2930"]
[BlackElo "2701"]
[TimeControl "180+1"]
[EndTime "9:04:44 PST"]
[Termination "vugarrasulov won by resignation"]

1. d4 Nf6 2. c4 b6 3. Nc3 Bb7 4. Nf3 e6 5. Bg5 Bb4 6. e3 h6 7. Bxf6 Bxc3+ 8. bxc3 Qxf6 9. Be2 O-O 10. O-O d6 11. Nd2 c5 12. f4 Nc6 13. Bf3 Rac8 14. Qe2 Rfe8 15. Rad1 Qe7 16. Nb3 e5 17. fxe5 dxe5 18. d5 Nd8 19. Bg4 Rb8 20. Nd2 Bc8 21. Ne4 Rf8 22. Bxc8 Rxc8 23. Qg4 Nb7 24. d6 Qe6 25.
Nf6+ Kh8 26. Qxe6 fxe6 27. Nd7 Rxf1+ 28. Kxf1 Rd8 29. Nxe5 Kg8 30. d7 Kf8 31. Nc6 1-0

[Event "Early-Titled-Tuesday-Blitz-January-23-2024"]
[Site "Chess.com"]
[Date "2024.01.23"]
[Round "6"]
[White "TheNextLevelFan"]
[Black "AvitalBor"]
[Result "1-0"]
[WhiteElo "2570"]
[BlackElo "2768"]
[TimeControl "180+1"]
[EndTime "9:04:45 PST"]
[Termination "TheNextLevelFan won by checkmate"]

1. e4 c5 2. c3 e6 3. Nf3 d5 4.
exd5 Qxd5 5. d4 Nf6 6. Na3 Nc6 7. Be3 cxd4 8. Nb5 Qd8 9. Nbxd4 Bd7 10. Bb5 Qc7 11. Qa4 Be7 12. O-O O-O 13. Nxc6 bxc6 14. Bd3 e5 15. Qh4 Rfd8 16. Rfe1 Be6 17. Bc2 Bd5 18.
Nxe5 Qxe5 19. Bg5 Qd6 20. Bxf6 Qxf6 21. Qxh7+ Kf8 22. Qh8# 1-0

[Event "Early-Titled-Tuesday-Blitz-January-23-2024"]
[Site "Chess.com"]
[Date "2024.01.23"]
[Round "6"]
[White "LyonBeast"]
[Black "Sanan_Sjugirov"]
[Result "1-0"]
[WhiteElo "3164"]
[BlackElo "3012"]
[TimeControl "180+1"]
[EndTime "9:04:50 PST"]
[Termination "LyonBeast won by resignation"]

1. e4 c5 2. Nf3 d6 3. d4 cxd4 4. Nxd4 Nf6 5. Nc3 a6 6. Bc4 e6 7.
Bb3 b5 8. Qf3 Bb7 9. O-O b4 10.
Nd5 exd5 11. exd5 Be7 12. Ba4+ Kf8 13. Bc6 Qc7 14. Re1 Nbd7 15. Bf4 Ne5 16. Bxe5 dxe5 17. d6 Bxd6 18. Bxb7 Rb8 19. Nf5 e4 20. Bxe4 Bxh2+ 21.
Kh1 Be5 22. Qe3 h5 23. Bc6 Bd6 24. Rad1 Qxc6 25. Rxd6 Qxc2 26. Rxf6 gxf6 27. Qe7+ Kg8 28. Qxf6 Rh7 29. Qg5+ Kf8 30. Qe7+ 1-0

[Event "Early-Titled-Tuesday-Blitz-January-23-2024"]
[Site "Chess.com"]
[Date "2024.01.23"]
[Round "6"]
[White "wadsy27"]
[Black "WhiteKnight2612"]
[Result "0-1"]
[WhiteElo "2651"]
[BlackElo "2872"]
[TimeControl "180+1"]
[EndTime "9:04:54 PST"]
[Termination "WhiteKnight2612 won by resignation"]

1. c4 e6 2. g3 d5 3. Bg2 Nf6 4. Nf3 d4 5. O-O c5 6. e3 Nc6 7. exd4 cxd4 8. d3 Bc5 9. Bg5 h6 10. Bxf6 Qxf6 11. Nbd2 Qd8 12. a3 a5 13. b4 axb4 14.
axb4 Rxa1 15. Qxa1 Bxb4 16. Nb3 Bc3 17. Qa3 Qe7 18. Qxe7+ Kxe7 19. Rb1 Rd8 20. Nc5 Nb4 21.
Ne1 b6 22. Na4 Bxe1 23. Rxe1 Nxd3 24. Rd1 Nc5 25. Nxb6 Ba6 26. Ra1 Rb8 27. Na4 Nxa4 28. Rxa4 Rb1+ 29. Bf1 d3 30. Kg2 d2 31. Be2 Bb7+ 0-1

[Event "Early-Titled-Tuesday-Blitz-January-23-2024"]
[Site "Chess.com"]
[Date "2024.01.23"]
[Round "6"]
[White "Flaccidmoves"]
[Black "HanSchut"]
[Result "1-0"]
[WhiteElo "2447"]
[BlackElo "2257"]
[TimeControl "180+1"]
[EndTime "9:04:54 PST"]
[Termination "Flaccidmoves won on time"]

1. d4 Nf6 2. c4 g6 3. Nc3 d5 4.
Bf4 Bg7 5. e3 O-O 6. Nf3 c5 7.
dxc5 Qa5 8. Nd2 dxc4 9. Bxc4 Qxc5 10. O-O Nc6 11. Qe2 Qh5 12. Qxh5 Nxh5 13. Bc7 Bd7 14.
h3 Rac8 15. Bh2 Rfd8 16. Rfd1 Ne5 17. Be2 Bc6 18. g4 Nxg4 19. hxg4 Nf6 20. g5 Nd5 21. Nde4 Nxc3 22. Nxc3 1-0

[Event "Early-Titled-Tuesday-Blitz-January-23-2024"]
[Site "Chess.com"]
[Date "2024.01.23"]
[Round "6"]
[White "lucliasco"]
[Black "Young_Catalan_Player09"]
[Result "1-0"]
[WhiteElo "2891"]
[BlackElo "2569"]
[TimeControl "180+1"]
[EndTime "9:04:57 PST"]
[Termination "lucliasco won by checkmate"]

1. e4 c5 2. c3 d5 3. exd5 Qxd5 4. d4 Nc6 5. Nf3 Bg4 6. Na3 Bxf3 7. gxf3 Nf6 8. dxc5 e6 9. Qxd5 Nxd5 10. Be3 Nxe3 11. fxe3 Bxc5 12. Nc2 Ke7 13. f4 g6 14. Bg2 Rhd8 15.
Bxc6 bxc6 16. Ke2 a5 17. b3 Rd6 18. Nd4 Rad8 19. Rac1 Bb6 20. Rc2 f6 21. h4 e5 22.
fxe5 fxe5 23. Nf3 Kf6 24. Ng5 Kg7 25. Ne4 Rd3 26. Rh3 Rd1 27. c4 Rg1 28. c5 Bc7 29. Rf3 Rg4 30. Ng5 Rxh4 31. Ne6+ Kh6 32. Nxc7 e4 33. Rf2 Rd3 34. Rd2 Rc3 35. Ne6 Rh3 36. Kd1 Rh1+ 37. Ke2 Rcc1 38. Rg2 Rhf1 39. Rh2# 1-0

[Event "Early-Titled-Tuesday-Blitz-January-23-2024"]
[Site "Chess.com"]
[Date "2024.01.23"]
[Round "6"]
[White "cthake"]
[Black "Kostukov_Alex"]
[Result "0-1"]
[WhiteElo "1846"]
[BlackElo "2295"]
[TimeControl "180+1"]
[EndTime "9:04:57 PST"]
[Termination "Kostukov_Alex won by resignation"]

1. c4 c5 2. Nc3 Nf6 3. g3 g6 4. Bg2 Bg7 5. e4 O-O 6. d3 d6 7. Nge2 Nc6 8. O-O Bd7 9. h3 a6 10. Be3 Rb8 11. a4 e5 12. f4 Nd4 13. Nd5 Nxd5 14. cxd5 b5 15. axb5 Nxe2+ 16. Qxe2 Bxb5 17. Qd2 c4 18. Rf2 cxd3 19. Bf1 exf4 20. gxf4 Qh4 21. Kh2 Bc4 22. Rb1 Ba2 23. Qxd3 Bxb1 24. Qxb1 f5 25. Bg2 Rb3 26. Rf3 Rxe3 27.
Rxe3 Qxf4+ 28. Rg3 Be5 29. Qe1 fxe4 30. Qxe4 Qxe4 31.
Bxe4 Rf2+ 0-1

[Event "Early-Titled-Tuesday-Blitz-January-23-2024"]
[Site "Chess.com"]
[Date "2024.01.23"]
[Round "6"]
[White "Jumbo"]
[Black "Jospem"]
[Result "0-1"]
[WhiteElo "2969"]
[BlackElo "3107"]
[TimeControl "180+1"]
[EndTime "9:04:58 PST"]
[Termination "Jospem won by resignation"]

1. d4 Nf6 2. Nf3 e6 3. Bf4 b6 4.
e3 Bb7 5. h3 d6 6. a4 a6 7. Be2 Nbd7 8. O-O Be7 9. Bh2 Rg8 10.
c4 g5 11. Nc3 g4 12. hxg4 Nxg4 13. d5 e5 14. e4 Ndf6 15. a5 Bc8 16. Qd2 Nh5 17.
g3 Bf8 18. Kh1 Qf6 19. b4 Bh6 20. Qd3 Be3 21. Nh4 Nxh2 22. Kxh2 Bf4 23. Nf5 Bxf5 24. exf5 Nxg3 0-1